 Dungeon Crawl Stone Soup version 0.27-a0-1434-g6f15984 (webtiles) character file.

Game seed: 6053862340215400446

77 Meow the Skirmisher (level 4, -4/40 HPs)
             Began as a Ghoul Fighter on July 3, 2021.
             Slain by a water moccasin (7 damage)
             ... on level 4 of the Dungeon.
             The game lasted 00:05:54 (2504 turns).

Meow the Skirmisher (Ghoul Fighter)                 Turns: 2504, Time: 00:05:55

Health: -4/40      AC:  8    Str: 19    XL:     4   Next: 34%
Magic:  3/3        EV:  7    Int:  4    God:
Gold:   66         SH:  8    Dex:  8    Spells: 3/3 levels left

rFire    . . .     SeeInvis .   a - +0 war axe
rCold    + . .     Faith    .   c - +0 kite shield
rNeg     + + +     Spirit   .   b - +0 scale mail
rPois    ∞         Reflect  .   q - +0 helmet
rElec    .         Harm     .   e - +0 cloak
rCorr    .         Rampage  .   (no gloves)
Will     .....                  (no boots)
Stlth    ..........             p - amulet of regeneration
HPRegen  0.00/turn              (no ring)
MPRegen  0.08/turn              (no ring)

@: no status effects
A: claws 1, cold resistance 1, negative energy resistance 3, inhibited
regeneration, torment resistance 2
a: no special abilities


You were on level 4 of the Dungeon.
You visited 1 branch of the dungeon, and saw 4 of its levels.

You collected 66 gold pieces.

Inventory:

Hand Weapons
 a - a +0 war axe (weapon)
 j - a +0 dagger of venom
Missiles
 i - 60 stones (quivered)
 m - 23 arrows
 n - 6 poisoned darts
 t - 2 throwing nets
 u - 16 sling bullets
Armour
 b - a +0 scale mail (worn)
 c - a +0 kite shield (worn)
 e - a +0 cloak (worn)
 q - a +0 helmet (worn)
Jewellery
 o - an amulet of faith
 p - an amulet of regeneration (around neck)
 s - a +6 ring of dexterity
Scrolls
 f - a scroll of magic mapping
 g - a scroll of blinking {unknown}
 h - a scroll of enchant weapon {unknown}
 r - a scroll of fear {unknown}
 v - a scroll of teleportation {unknown}
Potions
 d - a potion of might
 k - 2 potions of lignification {unknown}
 l - a potion of mutation {unknown}


   Skills:
 + Level 3.8 Fighting
 + Level 3.0 Axes
 - Level 2.6 Armour
 + Level 0.6 Dodging
 + Level 0.8 Stealth
 + Level 3.2 Shields


You had 3 spell levels left.
You didn't know any spells.
Your spell library contained the following spells:

 Spells                   Type           Power      Damage    Failure   Level
 Sandblast                Erth           0%         2d4       100%        1
 Passwall                 Tmut/Erth      0%         N/A       100%        2
 Lee's Rapid Deconstruct  Erth           0%         3d5*      100%        5


Dungeon Overview and Level Annotations

Branches:
Dungeon (4/15)
 Temple: D:4-7

Altars:
Vehumet

Annotations:
D:2 1 runed translucent door, Crazy Yiuf
D:3 Ijyb


Innate Abilities, Weirdness & Mutations

You thrive by killing the living.
You are immune to poison.
You have sharp fingernails.
Your flesh is cold resistant. (rC+)
You are immune to negative energy. (rN+++)
You do not regenerate when monsters are visible.
You are immune to unholy pain and torment.


Message History

There is a stone staircase leading up here.
The water moccasin misses you.
You barely miss the water moccasin. You hit the ball python.
The water moccasin bites you.
The ball python bites you but does no damage.
The ball python grabs you. The ball python constricts you.
The water moccasin bites you but does no damage.
You closely miss the water moccasin. You closely miss the ball python.
The ball python bites you but does no damage.
The ball python constricts you.
The water moccasin bites you but does no damage.
The ball python bites you but does no damage.
The ball python constricts you.
The water moccasin bites you but does no damage.
You barely miss the water moccasin. You slash the ball python!
You kill the ball python!
You block the water moccasin's attack. The water moccasin closely misses you.
You barely miss the water moccasin. The water moccasin barely misses you.
The water moccasin closely misses you. The water moccasin bites you!
You miss the water moccasin. The water moccasin bites you.
You block the water moccasin's attack.
You barely miss the water moccasin. The water moccasin barely misses you.
The water moccasin bites you but does no damage.
You barely miss the water moccasin. The water moccasin closely misses you.
The water moccasin bites you.
You miss the water moccasin. You block the water moccasin's attack.
The water moccasin bites you.
You hit the water moccasin.
The water moccasin is lightly wounded.
The water moccasin barely misses you. The water moccasin bites you. x2
* * * LOW HITPOINT WARNING * * *
You closely miss the water moccasin.
The water moccasin is lightly wounded.
The water moccasin bites you.
* * * LOW HITPOINT WARNING * * *
The water moccasin bites you but does no damage.
Your shield and scale mail prevent you from hitting the water moccasin.
The water moccasin is lightly wounded.
The water moccasin bites you!
You die...

###############
...............
...............
...............
...............
...............
......†@.......
......S........
...............
...............
...............
...............
..........$....
...............


You could see a water moccasin.

Vanquished Creatures
  4 adders
  A dart slug (D:2)
  5 ball pythons
  2 bats (D:1)
  3 endoplasms
  2 giant cockroaches (D:1)
  4 goblins
  3 hobgoblins
  5 jackals
  A frilled lizard (D:3)
  6 kobolds
  6 rats
42 creatures vanquished.

Notes
Turn   | Place    | Note
-------+----------+-------------------------------------------
     0 | D:1      | Meow the Ghoul Fighter began the quest for the Orb.
     0 | D:1      | Reached XP level 1. HP: 19/19 MP: 0/0
   349 | D:1      | Reached XP level 2. HP: 23/26 MP: 1/1
   683 | D:1      | Found a faded altar of an unknown god.
  1271 | D:2      | Reached XP level 3. HP: 27/33 MP: 2/2
  1419 | D:2      | Found a runed translucent door.
  1420 | D:2      | Noticed Crazy Yiuf
  1770 | D:2      | Reached XP level 4. HP: 34/40 MP: 3/3
  2217 | D:3      | Found a radiant altar of Vehumet.
  2412 | D:3      | Noticed Ijyb
  2488 | D:4      | Noticed a water moccasin
  2504 | D:4      | Slain by a water moccasin

Illustrated notes

Levels and vault maps discovered:
D:1:      lightli_arrival_noodles, layout_basic,
          hellmonk_ecumenical_altar_crossroads
D:2:      layout_loops_cross, ebering_dispersal_statue_hall,
          uniq_crazy_yiuf_cottage
D:3:      layout_basic, nicolae_overflow_crystal_walls, minmay_misc_feat_iff,
          uniq_ijyb
D:4:      layout_gridville, amcnicky_altar_gilded, uniq_pikel

Skill      XL: |  1  2  3  4 |
---------------+-------------+-----
Shields        | 3 |  3.2
Axes           | 2 3 |  3.0
Fighting       | |  3.8
Armour         | |  2.6
Dodging        | |  0.6
Stealth        | |  0.8

Action                   |  1- 3 |  4- 6 || total
-------------------------+-------+-------++-------
Melee: War axe           |   105 |    46 ||   151
  Use: Scroll            |       |     1 ||     1
Armor: Scale mail        |    52 |    22 ||    74
Dodge: Dodged            |    38 |    20 ||    58
Block: Kite shield       |    52 |    18 ||    70

Table legend: (Time is in decaauts)
 A = Elapsed time spent in this place.
 B = Non-inter-level travel time spent in this place.
 C = Inter-level travel time spent in this place.
 D = Time resting spent in this place.
 E = Time spent auto-exploring this place.
 F = Levels seen in this place.
 G = Mean time per level.
                   A        B        C        D        E       F      G
               +--------+--------+--------+--------+--------+-----+--------+
         Total |   2599 |   2412 |    187 |    162 |   1769 |   4 |  649.8 |
       Dungeon |   2599 |   2412 |    187 |    162 |   1769 |   4 |  649.8 |
               +--------+--------+--------+--------+--------+-----+--------+

Top non-repeatable levels by time:
     D:2: 1099 daAuts
     D:1: 1091 daAuts
     D:3: 386 daAuts
     D:4: 21 daAuts
